 Dungeon Crawl Stone Soup version 0.24.1-8-ga250c9d538 (webtiles) character file.

Game seed: 7562238794342765283, levelgen mode: deterministic

37 Peloso the Skirmisher (level 3, 0/29 HPs)
             Began as a Demonspawn Fighter on Apr 27, 2020.
             Succumbed to an adder's poison
             ... on level 2 of the Dungeon.
             The game lasted 00:03:15 (1047 turns).

Peloso the Skirmisher (Demonspawn Fighter)          Turns: 1047, Time: 00:03:16

Health: 0/29       AC: 10    Str: 17    XL:     3   Next: 21%
Magic:  3/3        EV:  6    Int:  9    God:
Gold:   64         SH: 14    Dex: 12    Spells: 2/2 levels left

rFire    . . .     SeeInvis .   a - +0 long sword
rCold    . . .     Gourm    .   c - +0 shield
rNeg     . . .     Faith    .   e - +0 chain mail
rPois    .         Spirit   .   (no helmet)
rElec    .         Reflect  +   (no cloak)
rCorr    .         Harm     .   i - +0 pair of gloves
MR       .....                  (no boots)
Stlth    ..........             g - +5 amulet of reflection
HPRegen  0.09/turn              (no ring)
MPRegen  0.08/turn              (no ring)

@: lethally poisoned (0 -> -11)
A: repulsion field 1, powered by pain 1
a: no special abilities


You were on level 2 of the Dungeon.
You were hungry.

You visited 1 branch of the dungeon, and saw 2 of its levels.

You collected 64 gold pieces.

Inventory:

Hand Weapons
 a - a +0 long sword (weapon)
Armour
 b - a +0 scale mail
 c - a +0 shield (worn)
 e - a +0 chain mail (worn)
 i - a +0 pair of gloves (worn)
Jewellery
 g - a +5 amulet of reflection (around neck)
Scrolls
 h - a scroll of amnesia {unknown}
 j - a scroll of teleportation {unknown}
 k - a scroll of fog {unknown}
Potions
 d - a potion of might
Comestibles
 f - 2 rations


   Skills:
 + Level 3.4 Fighting
 + Level 2.3 Long Blades
 + Level 3.0 Armour
 + Level 3.0 Shields


You had 2 spell levels left.
You didn't know any spells.
Your spell library was empty.

Dungeon Overview and Level Annotations

Branches:
Dungeon (2/15)

Altars:


Innate Abilities, Weirdness & Mutations

You are surrounded by a mild repulsion field. (EV +2)
You sometimes gain a little power by taking damage.


Message History

The adder is almost dead.
* * * LOW HITPOINT WARNING * * *
You feel sick. You block the adder's attack. x2
Unknown command.
You hit the adder but do no damage.
The adder is almost dead.
You block the adder's attack. x2; The adder bites you but does no damage.
The adder bites you.
* * * LOW HITPOINT WARNING * * *
You are more poisoned.
The adder poisons you!
Your chain mail prevents you from hitting the adder.
The adder is almost dead.
* * * LOW HITPOINT WARNING * * *
You feel sick.
The adder bites you but does no damage. x2
You block the adder's attack. x2
Unknown command.
You hit the adder but do no damage.
The adder is almost dead.
You die...

..P♣♣♣..P♣♣♣P.+###
.....P.P.P..P..P....#
............†......#
.....P...P........#
♣..P♣♣♣P..♣♣♣P..... .
♣P..♣ ♣...♣ ♣P..###
P..♣♣♣P.P♣♣♣..P♣♣♣P..#
P....P.SPP....P.PPP..#
%.....†@S†...........#
..PPPPP..PP.P...PPP...
..P♣♣♣P..♣♣♣..P♣♣♣...##
P ♣P..♣ ♣P.P♣ ... ♣..P♣
♣...♣ .# PP...P .?...P
....... ..?.[. .......P


.PPP You could see 2 adders.

Vanquished Creatures
  2 dart slugs
  3 bats
  3 giant cockroaches
  3 goblins (D:1)
  4 hobgoblins
  2 jackals (D:1)
  2 frilled lizards (D:2)
  9 kobolds
  2 rats (D:2)
30 creatures vanquished.

Notes
Turn   | Place    | Note
-------+----------+-------------------------------------------
     0 | D:1      | Peloso the Demonspawn Fighter began the quest for the Orb.
     0 | D:1      | Reached XP level 1. HP: 18/18 MP: 1/1
   201 | D:1      | Gained mutation: You are surrounded by a mild repulsion
                  | field. (EV +2) [demonic ancestry]
   201 | D:1      | Reached XP level 2. HP: 24/24 MP: 2/2
   950 | D:2      | Gained mutation: You sometimes gain a little power by
                  | taking damage. [demonic ancestry]
   950 | D:2      | Reached XP level 3. HP: 28/29 MP: 3/3
  1046 | D:2      | HP: 1/29 [poisoned by an adder]
  1047 | D:2      | Succumbed to an adder's poison

Levels and vault maps discovered:
D:1:      shiori_arrival_maze, layout_basic
D:2:      layout_basic, old_standard_altar, kennysheep_boxes

Skill      XL: |  1  2 |
---------------+-------+-----
Armour         | 3 |  3.0
Shields        | 3 |  3.0
Long Blades    | 2 |  2.3
Fighting       | |  3.4

Action                   || total
-------------------------++-------
Melee: Long sword        ||   127
Armor: Chain mail        ||    86
       Scale mail        ||     3
Dodge: Dodged            ||    28
Block: Shield            ||   133
       Reflection        ||     1
       Rpst.: Long sword ||    11
